 Dungeon Crawl Stone Soup version 0.30.1-3-gfc49f6343a (webtiles) character file.

Game seed: 10025350961780998901

591 Bronimir the Sneak (level 7, -4/38 HPs)
             Began as a Kobold Enchanter on July 29, 2023.
             Was an Initiate of Cheibriados.
             Killed by divine providence
             ... invoked by an orc priest
              (12 damage)
             ... on level 6 of the Dungeon.
             The game lasted 00:19:08 (4774 turns).

Bronimir the Sneak (Kobold Enchanter)               Turns: 4774, Time: 00:19:08

Health: -4/38      AC:  4    Str:  6    XL:     7   Next: 66%
Magic:  11/11      EV: 17    Int: 17    God:    Cheibriados [......]
Gold:   201        SH:  0    Dex: 19    Spells: 3/11 levels left

rFire   x . .        y - +2 dagger (drain)
rCold   . . .        (no shield)
rNeg    . . .        b - +0 robe
rPois   .            p - +0 helmet
rElec   .            (no cloak)
rCorr   .            d - +1 pair of gloves
SInv    .            (no boots)
Will    +....        z - amulet of magic regeneration
Stlth   +++++        m - ring of willpower
HPRegen 0.26/turn    A - ring of flight
MPRegen 0.52/turn

%: no passive effects
@: flying, very slow
A: small, no large weapons, nightstalker 3, deformed body, heat vulnerability 1
a: Renounce Religion


You were on level 6 of the Dungeon.
You worshipped Cheibriados.
Cheibriados was noncommittal.
You visited 2 branches of the dungeon, and saw 6 of its levels.
You also visited: Ossuary.

You collected 201 gold pieces.

Inventory:

Hand Weapons
 a - a +1 dagger
 r - a +1 short sword of venom
 y - a +2 dagger of draining (weapon)
Missiles
 g - 33 stones (quivered)
 h - 2 poisoned darts
Armour
 b - a +0 robe (worn)
 d - a +1 pair of gloves (worn)
 p - a +0 helmet (worn)
Jewellery
 m - a ring of willpower (left hand)
 z - an amulet of magic regeneration (around neck)
 A - a ring of flight (right hand)
Wands
 C - a wand of paralysis (9)
Scrolls
 c - a scroll of poison {unknown}
 e - a scroll of brand weapon {unknown}
 i - a scroll of silence {unknown}
 j - 2 scrolls of identify
 n - a scroll of amnesia {unknown}
 o - a scroll of fear {unknown}
 q - a scroll of enchant armour
 s - 3 scrolls of teleportation {unknown}
 x - a scroll of magic mapping {unknown}
Potions
 f - 2 potions of brilliance
 l - a potion of cancellation
 t - a potion of might {unknown}
 u - a potion of berserk rage {unknown}
 v - 2 potions of curing {unknown}
 w - a potion of invisibility
 B - 2 potions of degeneration {unknown}
 D - a potion of magic {unknown}


   Skills:
 + Level 1.1 Fighting
 * Level 4.2 Short Blades
 * Level 4.7 Dodging
 * Level 7.3 Stealth
 + Level 2.7 Spellcasting
 * Level 4.1 Hexes
 + Level 1.9 Ice Magic


You had 3 spell levels left.
You knew the following spells:

 Your Spells              Type           Power      Damage    Failure   Level
a - Ensorcelled Hibernat  Hex/Ice        24%        N/A       8%          2
b - Confusing Touch       Hex            16%        N/A       10%         3
c - Tukima's Dance        Hex            16%        N/A       10%         3

Your spell library contained the following spells:

 Spells                   Type           Power      Damage    Failure   Level
 Dazzling Flash           Conj/Hex       18%        N/A       22%         3
 Frozen Ramparts          Ice            16%        1d3       24%         3
 Ice Form                 Ice/Tmut       5%         N/A       75%         4
 Summon Ice Beast         Ice/Summ       5%         N/A       75%         4


Dungeon Overview and Level Annotations

Branches:
Dungeon (6/15)             Temple (1/1) D:6         Ossuary (visited)

Altars:
Ashenzari
Cheibriados
Elyvilon
Fedhas
Gozag
Kikubaaqudgha
Makhleb
Okawaru
Ru
Sif Muna
Trog
Vehumet
Xom
Zin


Innate Abilities, Weirdness & Mutations

You are small and have problems with some larger weapons.
You are completely attuned to the shadows.
Armour fits poorly on your strangely shaped body.
You are vulnerable to heat. (rF-)


Message History

The orc priest is severely wounded.
The orc priest closely misses you.
The orc hits you with a +0 hand axe of electrocution.
You are electrocuted!!
Ouch! That really hurt!
* * * LOW HITPOINT WARNING * * *
The orc hits your +0 club with a +0 hand axe of electrocution.
Your +0 club falls from the air.
The orc priest looks satisfied for a moment.
You completely miss the orc priest.
The orc priest is severely wounded.
The orc priest mumbles some strange prayers to Beogh against you.
You resist with some effort. The orc hits you but does no damage.
The orc priest completely misses you.
You hit the orc priest.
The orc priest is severely wounded.
The orc priest calls upon Beogh to heal the orc priest.
The orc priest is healed somewhat.
The orc closely misses you. The orc priest barely misses you.
You hit the orc priest.
The orc priest is severely wounded.
The orc priest hits you from afar with a +0 trident.
* * * LOW HITPOINT WARNING * * *
The orc closely misses you. The orc priest misses you.
You hit the orc priest but do no damage.
You drain the orc priest.
You kill the orc priest!
Cheibriados appreciates the change of pace.
You feel much better.
The orc priest calls down the wrath of Beogh upon you.
Beogh smites you!
* * * LOW HITPOINT WARNING * * *
The orc hits you with a +0 hand axe of electrocution.
* * * LOW HITPOINT WARNING * * *
The orc priest closely misses you.
The orc hits you with a +0 hand axe of electrocution.
* * * LOW HITPOINT WARNING * * *
The orc priest mumbles some strange prayers to Beogh against you.
Beogh smites you!
You die...

#..##.......
#.....>[.###
##.........
#..........
####...........##
##.....###.........
#.......# ..|.......
##.......####o.......
#.........).@........
##....##...o)........
####.##..##.........
#####..##........
#...#.........
#.............
#............#.
#......#.....#
#......#####...


You could see an orc priest and an orc.

Vanquished Creatures
  2 elf zombies (Ossuary)
  A howler monkey (D:3)
  A centaur zombie (Ossuary)
  2 orc priests
  2 human zombies (Ossuary)
  Natasha (D:4)
  2 mummies (Ossuary)
  4 gnolls (D:3)
  7 adders
  An adder zombie (Ossuary)
  A dart slug (D:3)
  7 orcs
  8 ball pythons
  5 bats
  7 endoplasms
  2 giant cockroaches (D:1)
  8 hobgoblins
  11 kobolds
  3 quokkas
  5 frilled lizards
  5 goblins
  3 goblin zombies (Ossuary)
  4 hobgoblin zombies (Ossuary)
  A jackal zombie (Ossuary)
  10 kobold zombies (Ossuary)
  11 orc zombies (Ossuary)
  A quokka zombie (D:4)
  6 rats
  3 rat zombies
124 creatures vanquished.

Vanquished Creatures (others)
  A dancing weapon (D:6)
1 creature vanquished.

Grand Total: 125 creatures vanquished

Notes
Turn   | Place    | Note
-------+----------+-------------------------------------------
     0 | D:1      | Bronimir the Kobold Enchanter began the quest for the Orb.
     0 | D:1      | Reached XP level 1. HP: 10/10 MP: 3/3
   264 | D:1      | Reached XP level 2. HP: 15/15 MP: 5/5
   292 | D:1      | Learned a level 2 spell: Ensorcelled Hibernation
   456 | D:1      | Reached XP level 3. HP: 19/19 MP: 6/6
  1067 | D:2      | Reached skill level 5 in Stealth
  1456 | D:2      | Reached XP level 4. HP: 24/24 MP: 7/7
  1460 | D:2      | Learned a level 3 spell: Confusing Touch
  2075 | D:2      | Reached XP level 5. HP: 28/28 MP: 3/8
  2310 | D:3      | Reached skill level 6 in Stealth
  2381 | D:3      | Found a shimmering blue altar of Sif Muna.
  2549 | D:3      | Reached XP level 6. HP: 33/33 MP: 9/9
  2870 | D:3      | Reached skill level 1 in Ice Magic
  3582 | D:4      | Noticed Natasha
  3586 | D:4      | Killed Natasha
  3632 | D:4      | Found a sand-covered staircase.
  3638 | Ossuary  | Entered an ossuary
  3963 | Ossuary  | Gained mutation: You are vulnerable to heat. (rF-) [potion
                  | of mutation]
  3963 | Ossuary  | Gained mutation: Armour fits poorly on your strangely
                  | shaped body. [potion of mutation]
  4136 | Ossuary  | Reached skill level 7 in Stealth
  4136 | Ossuary  | Reached XP level 7. HP: 28/37 MP: 11/11
  4197 | Ossuary  | Reached skill level 1 in Fighting
  4417 | D:4      | Learned a level 3 spell: Tukima's Dance
  4494 | D:4      | You are sucked into a shaft and drop 2 floors!
  4494 | D:6      | Found a staircase to the Ecumenical Temple.
  4498 | Temple   | Entered the Ecumenical Temple
  4705 | Temple   | Became a worshipper of Cheibriados the Contemplative
  4774 | D:6      | Killed from afar by an orc priest

Illustrated notes

Levels and vault maps discovered:
D:1:      amcnicky_arrival_flooded_fountain, layout_loops_ring,
          roderic_serpentine_path, minmay_misc_feat_roman,
          grunt_decor_arrowhead, serial_bayou_pond_a
D:2:      layout_basic, minmay_bisected
D:3:      layout_basic, led_sif_book, st_stairs_13, dk_vineyard_1,
          kennysheep_generic_room_5
D:4:      layout_rooms, enter_ossuary_4, uniq_natasha
D:6:      layout_cave_pools, chequers_serial_rivers_room_a, uniq_menkaure
Temple:   nicolae_temple_ecumenical_triangle

Skill      XL: |  1  2  3  4  5  6  7 |
---------------+----------------------+-----
Stealth        | 5 6 7 |  7.3
Dodging        | 3 4 |  4.7
Short Blades   | 2 3 4 |  4.2
Ice Magic      | 1 |  1.9
Hexes          | 4 |  4.1
Fighting       | 1 |  1.1
Spellcasting   | |  2.7

Action                     |  1- 3 |  4- 6 |  7- 9 || total
---------------------------+-------+-------+-------++-------
  Melee: Dagger            |    73 |   222 |   103 ||   398
         Punch             |     1 |     1 |     2 ||     4
         Short sword       |       |    32 |       ||    32
   Cast: Ensorcelled Hiber |    15 |    17 |     1 ||    33
         Confusing Touch   |       |     3 |     1 ||     4
         Tukima's Dance    |       |       |     1 ||     1
    Use: Potion            |     1 |     7 |     3 ||    11
         Scroll            |     1 |     1 |       ||     2
   Stab: Sleeping          |    23 |    38 |       ||    61
         Invisible         |     2 |     2 |       ||     4
         Distracted        |     1 |     2 |     1 ||     4
         Confused          |       |     2 |     1 ||     3
 Armour: Robe              |    15 |    41 |    14 ||    70
  Dodge: Dodged            |    54 |   179 |    63 ||   296
  Block: Buckler           |       |    10 |       ||    10
